cohdb
Replays
Latest Replays
All Replays
Popular Replays
Top Player Replays
Match Explorer
How It Works
Community
CoH3 Stats
Reddit
Sign in to upload your games and track your stats! →
Sign in with Steam
3rd guy whos said im a cheater
Match 29231212
Overview
Messages
Build Orders
End
Pioneer Squad
Selects Luftwaffe Battlegroup
Selects Luftwaffe Pioneer Support
Fallschirmpioneer Squad Paradrop
Construct Infanterie Kompanie
Fallschirmpioneer Squad Paradrop
MG 42 Machine Gun Team
Grenadier Squad
Construct Panzergrenadier Kompanie
251 Medium Carrier
GrW 34 Mortar Team
Medical Bunker
Selects Stuka Strafing Run
Selects LG40 Recoilless Gun Paradrop
Selects Fallschirmjäger Squad Paradrop
Fallschirmjäger Squad Paradrop
Pak 40 Anti-tank Gun Team
Pak 40 Anti-tank Gun Team
Stuka Strafing Run
Construct Panzer Kompanie
Sturmpanzer IV Brummbär
Sturmpanzer IV Brummbär
Panzer IV Medium Tank
Stuka Strafing Run
Stuka Strafing Run
Side Skirts
Fallschirmpioneer Squad Paradrop
Stuka Strafing Run
Sturmpanzer IV Brummbär
Stuka Strafing Run
Sturmpanzer IV Brummbär
DrSpread_Ur_Cheeks
MxCarnage!!
0
0
Comments
sign in to comment!
No comments posted yet!